 Dungeon Crawl Stone Soup version 0.29.0-13-gc9e81de378 (webtiles) character file.

Game seed: 4328230931677804453

101 sanka the Poker (level 4, -2/35 HPs)
             Began as a Merfolk Abyssal Knight on Sept 10, 2022.
             Was an Elder of Lugonu.
             Killed from afar by an orc wizard (6 damage)
             ... with a magic dart
             ... on level 2 of the Dungeon.
             The game lasted 00:03:08 (2203 turns).

sanka the Poker (Merfolk Abyssal Knight)            Turns: 2203, Time: 00:03:09

Health: -2/35      AC:  5    Str: 15    XL:     4   Next: 75%
Magic:  6/6        EV: 12    Int:  9    God:    Lugonu [****..]
Gold:   139        SH:  0    Dex: 14    Spells: 3/3 levels left

rFire   . . .      SeeInvis .   a - +1 spear
rCold   . . .      Faith    .   (no shield)
rNeg    . . .      Spirit   .   b - +0 leather armour
rPois   +          Reflect  .   h - +2 hat
rElec   .          Harm     .   (no cloak)
rCorr   .          Rampage  .   (no gloves)
Will    .....                   (no boots)
Stlth   +.........              (no amulet)
HPRegen 0.11/turn               (no ring)
MPRegen 0.10/turn               g - ring of poison resistance

@: confused
A: (nimble swimmer 2), mertail
a: Renounce Religion, Depart the Abyss, Bend Space, Banish, Corrupt


You were on level 2 of the Dungeon.
You worshipped Lugonu.
Lugonu was greatly pleased with you.
You visited 1 branch of the dungeon, and saw 3 of its levels.
You visited the Abyss 1 time.

You collected 139 gold pieces.


Innate Abilities, Weirdness & Mutations

((You are very nimble when in or above water. (Stealth+, EV+, Speed+++)))
Your lower body shifts to a powerful aquatic tail in water.


   Skills:
 - Level 3.2 Fighting
 + Level 4.8 Polearms
 - Level 0.6 Armour
 - Level 2.6 Dodging
 + Level 3.9 Invocations


You had 3 spell levels left.
You didn't know any spells.
Your spell library contained the following spells:

 Spells                   Type           Power      Damage    Failure   Level
 Summon Small Mammal      Summ           0%         N/A       45%         1
 Call Canine Familiar     Summ           0%         N/A       83%         3
 Summon Guardian Golem    Hex/Summ       0%         N/A       83%         3

Inventory:

Hand Weapons
 a - a +1 spear (weapon)
Missiles
 m - 6 javelins
Armour
 b - a +0 leather armour (worn)
 h - a +2 hat (worn)
Jewellery
 g - a ring of poison resistance (right hand)
Scrolls
 c - a scroll of torment {unknown}
 i - 2 scrolls of identify {unknown}
 j - a scroll of amnesia {unknown}
 k - 3 scrolls of noise {unknown}
 l - a scroll of fear {unknown}
 n - 3 scrolls of teleportation {unknown}
 o - a scroll of silence {unknown}
Potions
 d - a potion of flight {unknown}
 e - a potion of curing {unknown}
 f - a potion of might {unknown}
 p - 2 potions of magic {unknown}

Dungeon Overview and Level Annotations

Branches:
Dungeon (3/15)

Altars:

▒...▒...▒.....▒ ▒..
▒...▒...▒.....▒ ▒..
▒▒...(..▒▒▒.▒▒▒ ▒▒▒
▒▒▒▒.▒.▒ ▒.▒ ▒.▒.▒ ▒.▒
▒.▒.▒ ▒.▒
▒.▒.▒▒▒.▒▒▒▒▒▒▒▒▒▒▒▒▒
▒▒▒.▒o.................
▒....{m...........▒▒▒▒▒
▒.....▒▒▒▒.............
▒.....▒ ▒........▒▒▒▒▒
▒.....▒ ▒....)...▒
▒.....▒ ▒.....(..▒▒▒▒▒
▒.....▒ ▒.............
▒.....▒ ▒.............
▒▒▒▒▒▒▒ ▒▒▒▒▒▒▒▒▒.....
▒.....


You could see an orc.


Message History

You barely miss the orc.
The orc is lightly wounded.
You hit the orc.
The orc is heavily wounded.
Something hits you but does no damage. The orc closely misses you.
You hit the orc.
The orc is severely wounded.
You hit the orc but do no damage.
The orc is severely wounded.
Something hits you but does no damage. The orc hits you but does no damage.
You closely miss the orc.
The orc is severely wounded.
You hear some strange, mumbled words.
You are confused.
The orc hits you with a +0 hand axe.
* * * LOW HITPOINT WARNING * * *
You closely miss the orc.
The orc is severely wounded.
You hear some strange, mumbled words.
A magic dart appears from out of thin air!
The magic dart hits you!
* * * LOW HITPOINT WARNING * * *
The orc barely misses you.
You're too confused to move!
You hear some strange, mumbled words.
A magic dart appears from out of thin air!
The magic dart hits you.
You die...

Action                   |  1- 3 |  4- 6 || total
-------------------------+-------+-------++-------
Melee: Spear             |   157 |    84 ||   241
 Stab: Distracted        |     1 |       ||     1
       Sleeping          |       |     1 ||     1
Armor: Leather armour    |    30 |    31 ||    61
Dodge: Dodged            |    66 |    32 ||    98

Levels and vault maps discovered:
D:1:      amcnicky_arrival_flooded_fountain, layout_loops_ring,
          basic_ecumenical_altar, minmay_tall_x
D:2:      layout_basic, minmay_tetromino_i2
D:3:      layout_rooms, grunt_qazlal_clouds, grunt_temple_overflow_open,
          serial_curves, eino_curves_03, eino_curves_02, eino_curves_03,
          eino_curves_03

Notes
Turn   | Place    | Note
-------+----------+-------------------------------------------
     0 | Abyss:1  | sanka the Merfolk Abyssal Knight began the quest for the
                  | Orb.
     0 | Abyss:1  | Reached XP level 1. HP: 18/18 MP: 2/2
     0 | Abyss:1  | Found a corrupted altar of Lugonu.
     3 | D:1      | Escaped the Abyss
    91 | D:1      | Reached skill level 3 in Polearms
   161 | D:1      | Reached XP level 2. HP: 19/24 MP: 3/3
   555 | D:1      | Reached *** piety under Lugonu
   556 | D:1      | Reached XP level 3. HP: 29/29 MP: 5/5
   597 | D:1      | Reached skill level 3 in Invocations
   807 | D:1      | Found a faded altar of an unknown god.
  1045 | D:2      | Reached skill level 4 in Polearms
  1478 | D:2      | Reached XP level 4. HP: 35/35 MP: 6/6
  2081 | D:3      | Reached **** piety under Lugonu
  2203 | D:2      | Killed from afar by an orc wizard

Vanquished Creatures
  2 adders (D:2)
  3 worms (D:2)
  3 dart slugs
  6 orcs (D:3)
  6 endoplasms
  5 goblins
  6 hobgoblins
  2 quokkas
  5 ball pythons
  11 bats
  3 frilled lizards
  5 kobolds
  3 rats
60 creatures vanquished.
